 Dungeon Crawl Stone Soup version 0.31-a0-145-g046c7d2549 (webtiles) character file.

Game seed: 7291073275580981368

221 juan097 the Slasher (level 6, -6/41 HPs)
             Began as a Human Wanderer on June 4, 2023.
             Was an Initiate of Hepliaklqana.
             Mangled by an iguana (9 damage)
             ... on level 4 of the Dungeon.
             The game lasted 00:07:48 (3818 turns).

juan097 the Slasher (Human Wanderer)                Turns: 3818, Time: 00:07:49

Health: -6/41      AC:  6    Str: 11    XL:     6   Next: 18%
Magic:  7/7        EV: 10    Int: 12    God:    Hepliaklqana [......]
Gold:   168        SH:  5    Dex: 16    Spells: 5/7 levels left

rFire   . . .        a - +2 falchion
rCold   . . .        k - +0 buckler
rNeg    . . .        m - +0 ring mail
rPois   .            (no helmet)
rElec   .            u - +0 cloak
rCorr   .            (no gloves)
SInv    .            (no boots)
Will    .....        (no amulet)
Stlth   +            (no ring)
HPRegen 0.26/turn    (no ring)
MPRegen 0.10/turn

%: no passive effects
@: no status effects
A: no striking features
a: Renounce Religion


You were on level 4 of the Dungeon.
You worshipped Hepliaklqana.
Hepliaklqana was noncommittal.
You visited 1 branch of the dungeon, and saw 4 of its levels.

You collected 168 gold pieces.

Inventory:

Hand Weapons
 a - a +2 falchion (weapon)
 b - a +0 sling
Missiles
 i - 2 throwing nets
 j - a poisoned dart (quivered)
 t - 4 boomerangs
Armour
 k - a +0 buckler (worn)
 m - a +0 ring mail (worn)
 u - a +0 cloak (worn)
Wands
 o - a wand of flame (6)
Scrolls
 c - 2 scrolls of teleportation
 d - 2 scrolls of magic mapping {unknown}
 h - a scroll of identify {unknown}
 n - a scroll of blinking {unknown}
 p - a scroll of brand weapon {unknown}
 r - a scroll of amnesia {unknown}
 s - a scroll of enchant weapon {unknown}
Potions
 e - a potion of brilliance {unknown}
 f - 2 potions of curing {unknown}
 g - 2 potions of heal wounds {unknown}
 l - a potion of berserk rage {unknown}
 q - a potion of degeneration {unknown}


   Skills:
 + Level 5.0 Long Blades
 + Level 2.1 Throwing
 + Level 2.0 Dodging
 + Level 2.1 Stealth
 + Level 3.4 Shields
 - Level 1.0 Spellcasting
 + Level 2.1 Transmutations


You had 5 spell levels left.
You knew the following spells:

 Your Spells              Type           Power      Damage    Failure   Level
a - Wereblood             Tmut           5%         N/A       54%         2

Your spell library contained the following spells:

 Spells                   Type           Power      Damage    Failure   Level
 Passwall                 Tmut/Erth      2%         N/A       71%         2
 Lesser Beckoning         Tloc           0%         N/A       83%         2
 Static Discharge         Conj/Air       0%         2-2/arc   83%         2
 Gell's Gravitas          Tloc           0%         N/A       97%         3
 Portal Projectile        Hex/Tloc       0%         N/A       97%         3
 Teleport Other           Tloc           0%         N/A       97%         3
 Tukima's Dance           Hex            0%         N/A       97%         3
 Airstrike                Air            0%         2d(0-16)  100%        4
 Cause Fear               Hex            0%         N/A       100%        4
 Summon Lightning Spire   Summ/Air       0%         N/A       100%        4
 Blade Hands              Tmut           2%         N/A       100%        5
 Iskenderun's Battlesphe  Conj           0%         2d6       100%        5
 Leda's Unmaking          Conj/Erth      0%         9d1       100%        6
 Dragon Form              Tmut           2%         N/A       100%        7
 Spellforged Servitor     Conj/Summ      0%         N/A       100%        7
 Dragon's Call            Summ           0%         N/A       100%        9


Dungeon Overview and Level Annotations

Branches:
Dungeon (4/15)             Temple (0/1) D:4

Altars:
Hepliaklqana
Sif Muna
Uskayaw


Message History

You hit the iguana.
The iguana is almost dead.
The iguana bites you.
You closely miss the iguana.
The iguana is almost dead.
The iguana bites you!
You are too injured to fight recklessly!
You are too injured to fight recklessly!
You are too injured to fight recklessly!
You are too injured to fight recklessly!
You are too injured to fight recklessly!
You are too injured to fight recklessly!
You are too injured to fight recklessly!
You are too injured to fight recklessly!
You are too injured to fight recklessly!
You are too injured to fight recklessly!
You are too injured to fight recklessly!
You are too injured to fight recklessly!
You are too injured to fight recklessly!
You are too injured to fight recklessly!
You are too injured to fight recklessly!
You closely miss the iguana.
The iguana is almost dead.
You block the iguana's attack.
You hit the iguana.
The iguana is almost dead.
The iguana bites you!
* * * LOW HITPOINT WARNING * * *
You barely miss the iguana.
The iguana is almost dead.
The iguana bites you!
* * * LOW HITPOINT WARNING * * *
The iguana bites you but does no damage.
You hit the iguana but do no damage.
The iguana is almost dead.
The iguana completely misses you.
You hit the iguana but do no damage.
The iguana is almost dead.
The iguana bites you!
You die...

............. #.#
............. #.#
........#####
#####.#####
#.##.....#
#.........#
#.##..##.#
#.........#
......#
....###.........#
...##.#
###..........(..#
..###..
#...##.########
..)..... ...# #@#
..####.# ## #l#
...(..
...(.(.J...#
..###..
##.........# ..#
#.........# ..#
........$..# ..#
##.........# ..#
#.........# ###
#.........#


You could see an iguana and an endoplasm.

Vanquished Creatures
  A scorpion (D:4)
  An orc priest (D:4)
  An adder (D:2)
  An ufetubus (D:4)
  4 worms
  4 dart slugs
  9 orcs
  3 bats
  7 endoplasms
  2 giant cockroaches (D:2)
  15 goblins
  9 hobgoblins
  A jackal (D:2)
  7 kobolds
  A quokka (D:1)
  7 ball pythons
  3 frilled lizards
  4 rats
80 creatures vanquished.

Notes
Turn   | Place    | Note
-------+----------+-------------------------------------------
     0 | D:1      | juan097 the Human Wanderer began the quest for the Orb.
     0 | D:1      | juan097 set off with the following items: a +2 falchion, a
                  | +0 buckler, a scroll of teleportation, a +0 robe; and the
                  | following spells available to memorise: Wereblood,
                  | Passwall.
     0 | D:1      | Reached XP level 1. HP: 13/13 MP: 2/2
    90 | D:1      | Reached XP level 2. HP: 10/19 MP: 3/3
    97 | D:1      | Learned a level 2 spell: Wereblood
   390 | D:1      | Found a faded altar of an unknown god.
   482 | D:1      | Reached XP level 3. HP: 24/24 MP: 4/4
  1431 | D:2      | Reached XP level 4. HP: 30/30 MP: 5/5
  1574 | D:2      | Reached skill level 1 in Stealth
  1815 | D:2      | Found a hide-covered altar of Uskayaw.
  2319 | D:3      | Reached skill level 1 in Dodging
  2374 | D:3      | Found a hazy altar of Hepliaklqana.
  2392 | D:3      | Found a shimmering blue altar of Sif Muna.
  2849 | D:3      | Reached XP level 5. HP: 35/35 MP: 6/6
  2994 | D:3      | Became a worshipper of Hepliaklqana the Forgotten
  3697 | D:4      | Identified the +7 spear "Feqyxick" {heavy, Dex+2}
  3717 | D:4      | Reached XP level 6. HP: 41/41 MP: 7/7
  3764 | D:4      | Found a staircase to the Ecumenical Temple.
  3771 | D:4      | Reached skill level 5 in Long Blades
  3818 | D:4      | Mangled by an iguana

Illustrated notes

Levels and vault maps discovered:
D:1:      dpeg_arrival_morbid_curiosity, layout_basic, basic_ecumenical_altar
D:2:      minmay_evil_eye, layout_loops_corners, basic_altar,
          roderic_nine_men_s_morris
D:3:      layout_rooms, nzn_hepliaklqana_mist_gate, lemuel_crystal_altar,
          serial_rivers, chequers_serial_rivers_large_a,
          chequers_serial_rivers_micro_d, chequers_serial_rivers_small_a,
          chequers_serial_rivers_small_3, chequers_serial_rivers_micro_a,
          chequers_serial_rivers_micro_e, wad_rectangle_vault
D:4:      layout_rooms, nicolae_wu_jian_wuxing_cycle,
          nicolae_tso_carved_into_rock, minmay_temple_entry_proselytizer

Skill      XL: |  1  2  3  4  5  6 |
---------------+-------------------+-----
Stealth        | 1 2 |  2.1
Dodging        | 1 2 |  2.0
Shields        | 3 |  3.4
Transmutations | 2 |  2.1
Long Blades    | 5 |  5.0
Throwing       | |  2.1
Spellcasting   | |  1.0

Action                     |  1- 3 |  4- 6 || total
---------------------------+-------+-------++-------
  Melee: Falchion          |    52 |   100 ||   152
   Fire: Sling             |    12 |    88 ||   100
  Throw: Dart              |       |     8 ||     8
         Throwing net      |       |     3 ||     3
   Stab: Sleeping          |     1 |     1 ||     2
 Armour: Robe              |     7 |       ||     7
         Leather armour    |     2 |     1 ||     3
         Ring mail         |       |    42 ||    42
  Dodge: Dodged            |    18 |    50 ||    68
  Block: Buckler           |    11 |    28 ||    39

Table legend: (Time is in decaauts)
 A = Elapsed time spent in this place.
 B = Non-inter-level travel time spent in this place.
 C = Inter-level travel time spent in this place.
 D = Time resting spent in this place.
 E = Time spent auto-exploring this place.
 F = Levels seen in this place.
 G = Mean time per level.
                   A        B        C        D        E       F      G
               +--------+--------+--------+--------+--------+-----+--------+
         Total |   3894 |   3641 |    253 |    364 |   2491 |   4 |  973.5 |
       Dungeon |   3894 |   3641 |    253 |    364 |   2491 |   4 |  973.5 |
               +--------+--------+--------+--------+--------+-----+--------+

Top non-repeatable levels by time:
     D:2: 1253 daAuts
     D:3: 1196 daAuts
     D:1: 1118 daAuts
     D:4: 325 daAuts
